 Dungeon Crawl Stone Soup version 0.27-a0-151-g9286b66fa0 (webtiles) character file.

Game seed: 15929453229699338282

359 JohnTei the Shield-Bearer (level 6, -10/39 HPs)
             Began as a Gargoyle Fighter on Jan 27, 2021.
             Mangled by an ogre
             ... wielding a +0 giant spiked club
              (26 damage)
             ... on level 3 of the Dungeon.
             The game lasted 00:09:03 (3378 turns).

JohnTei the Shield-Bearer (Gargoyle Fighter)        Turns: 3378, Time: 00:09:04

Health: -10/39     AC: 12    Str: 21    XL:     6   Next: 65%
Magic:  6/6        EV:  7    Int:  9    God:
Gold:   100        SH:  9    Dex:  9    Spells: 5/5 levels left

rFire    . . .     SeeInvis .   a - +0 war axe
rCold    . . .     Faith    .   c - +0 kite shield
rNeg     + . .     Spirit   .   b - +0 scale mail
rPois    ∞         Reflect  .   (no helmet)
rElec    +         Harm     .   (no cloak)
rCorr    .         Rampage  .   (no gloves)
Will     .....                  g - +0 pair of boots
Stlth    ..........             (no amulet)
HPRegen  0.13/turn              (no ring)
MPRegen  0.10/turn              (no ring)

@: no status effects
A: negative energy resistance 1, electricity resistance, unbreathing,
petrification resistance, miasma immunity, AC +4
a: no special abilities


You were on level 3 of the Dungeon.
You visited 1 branch of the dungeon, and saw 4 of its levels.

You collected 100 gold pieces.

Inventory:

Hand Weapons
 a - a +0 war axe (weapon)
Armour
 b - a +0 scale mail (worn)
 c - a +0 kite shield (worn)
 g - a +0 pair of boots (worn)
Scrolls
 e - a scroll of identify
 f - a scroll of fear
 j - a scroll of amnesia
 o - a scroll of remove curse
 q - 2 scrolls of teleportation
Potions
 d - 2 potions of might
 h - a potion of berserk rage {unknown}
 i - a potion of haste {unknown}
 k - a potion of brilliance {unknown}
 n - a potion of flight {unknown}
 p - 2 potions of heal wounds {unknown}
 r - 2 potions of curing {unknown}
 s - a potion of cancellation {unknown}


   Skills:
 + Level 4.5 Fighting
 * Level 4.2 Axes
 + Level 4.5 Armour
 + Level 4.5 Shields


You had 5 spell levels left.
You didn't know any spells.
Your spell library was empty.

Dungeon Overview and Level Annotations

Branches:
Dungeon (4/15)
 Temple: D:4-7

Altars:

Portals:
Abyss: D:3

Annotations:
D:3 2 transporters, Essalna's ghost, amateur TeAE


Innate Abilities, Weirdness & Mutations

You are resistant to torment.
Your stone body is resilient. (AC +4)
You are immune to poison.
You resist negative energy. (rN+)
You are resistant to electric shocks. (rElec)
You can survive without breathing.
You are immune to petrification.
You are immune to miasma.


Message History

You hear the sound of rushing water.
There is an entrance to a sewer on this level.
Hurry and find it before the portal rusts away!
You hear the rapid rusting of a very distant drain.
The ogre hits you with a +0 giant spiked club!!
Ouch! That really hurt!
There is a stone staircase leading up here.
The ogre hits you with a +0 giant spiked club!
* * * LOW HITPOINT WARNING * * *
You climb upwards.
Level annotation: 2 transporters, Essalna's ghost, amateur TeAE
There is a stone staircase leading down here.
There is an open door here.
There is an open door here.
You see here a +0 club.
There is a stone staircase leading down here.
There is an open door here.
There is an open door here.
The ogre hits you with a +0 giant spiked club!!
Ouch! That really hurt!
You die...

.## #####.####### #.......#.....
.# #...........# #.......####.#
## #.##..###.#.# #.......# #.#
#.##..# #.#.# ####.#### ##'# #
#.##..###.#.# #.# ##... ##
#.##....#.#.# ###.# ##.... .##
#.#..##.#.#.# ##.#.# ##.....
..###......)..#.####..(.###......
..'............O@.........'......
.(####...##.########....###......
.## ##.###.# ##.#.#.# ##..... ##
### #.# #.###..# ##.... # #.#
##.#.### ##... #####.# ##.##
######'# #### #.....#
#####.#####....... ...# #.#####
#...........####.# ##.# #)#
#.###.#.###.###...


You could see an ogre.

Vanquished Creatures
  Eustachio (D:4)
  An ogre (D:3)
  A lemure (D:4)
  An orc wizard (D:4)
  A hound (D:4)
  3 dart slugs
  3 orcs
  3 ball pythons
  8 bats
  4 giant cockroaches
  9 hobgoblins
  8 jackals
  6 kobolds (D:1)
  3 frilled lizards
  3 goblins
  13 rats
68 creatures vanquished.

Notes
Turn   | Place    | Note
-------+----------+-------------------------------------------
     0 | D:1      | JohnTei the Gargoyle Fighter began the quest for the Orb.
     0 | D:1      | Reached XP level 1. HP: 14/14 MP: 1/1
   144 | D:1      | Reached XP level 2. HP: 13/19 MP: 2/2
   593 | D:1      | Reached XP level 3. HP: 20/23 MP: 3/3
  2007 | D:3      | Reached XP level 4. HP: 29/29 MP: 4/4
  2159 | D:3      | Found a transporter.
  2163 | D:3      | Found a transporter.
  2310 | D:3      | Found a one-way gate to the infinite horrors of the Abyss.
  2310 | D:3      | Noticed Essalna's ghost (amateur TeAE)
  2321 | D:3      | Identified the +9 whip of Modesty {distort, Will- Int+4
                  | Dex+4}
  2652 | D:4      | Noticed Eustachio
  2682 | D:4      | Killed Eustachio
  2683 | D:4      | Reached XP level 5. HP: 30/33 MP: 5/5
  2742 | D:4      | Noticed a lemure
  2747 | D:4      | Noticed a lemure
  2758 | D:4      | Noticed an ogre
  2764 | D:4      | Reached XP level 6. HP: 38/39 MP: 6/6
  3378 | D:3      | Mangled by an ogre

Illustrated notes

Levels and vault maps discovered:
D:1:      roderic_chinese_lattice_arrival, layout_basic
D:2:      layout_basic
D:3:      layout_loops_corners, gammafunk_ghost_abyssal_escape
D:4:      layout_loops_cross, grunt_temple_overflow_open, gup_sewer_entry_bowl,
          uniq_pikel, uniq_eustachio

Skill      XL: |  1  2  3  4  5  6 |
---------------+-------------------+-----
Axes           | 2 3 4 |  4.2
Fighting       | 4 |  4.5
Armour         | 4 |  4.5
Shields        | 4 |  4.5

Action                   |  1- 3 |  4- 6 || total
-------------------------+-------+-------++-------
Melee: War axe           |   159 |   101 ||   260
  Use: Scroll            |       |     5 ||     5
Armor: Scale mail        |   113 |    92 ||   205
Dodge: Dodged            |    69 |    55 ||   124
Block: Kite shield       |   105 |    67 ||   172

Table legend: (Time is in decaauts)
 A = Elapsed time spent in this place.
 B = Non-inter-level travel time spent in this place.
 C = Inter-level travel time spent in this place.
 D = Time resting spent in this place.
 E = Time spent auto-exploring this place.
 F = Levels seen in this place.
 G = Mean time per level.
                   A        B        C        D        E       F      G
               +--------+--------+--------+--------+--------+-----+--------+
         Total |   3532 |   3532 |      0 |      0 |   2029 |   4 |  883.0 |
       Dungeon |   3532 |   3532 |      0 |      0 |   2029 |   4 |  883.0 |
               +--------+--------+--------+--------+--------+-----+--------+

Top non-repeatable levels by time:
     D:3: 1512 daAuts
     D:1: 932 daAuts
     D:2: 895 daAuts
     D:4: 192 daAuts
